 Dungeon Crawl Stone Soup version 0.29-b1-12-g9e2288ab2a (webtiles) character file.

Game seed: 9473135927711399150

40 n00bmints the Chopper (level 3, -1/33 HPs)
             Began as a Hill Orc Berserker on Aug 24, 2022.
             Was a Follower of Trog.
             Slain by an orc priest
             ... wielding a +0 short sword
              (3 damage)
             ... on level 3 of the Dungeon.
             The game lasted 00:08:26 (1659 turns).

n00bmints the Chopper (Hill Orc Berserker)          Turns: 1659, Time: 00:08:27

Health: -1/33      AC:  3    Str: 21    XL:     3   Next: 50%
Magic:  3/3        EV: 12    Int:  7    God:    Trog [*.....]
Gold:   124        SH:  0    Dex: 10    Spells: 2/2 levels left

rFire   . . .      SeeInvis .   a - +0 hand axe
rCold   . . .      Faith    .   (no shield)
rNeg    . . .      Spirit   .   b - +0 animal skin
rPois   .          Reflect  .   (no helmet)
rElec   .          Harm     .   (no cloak)
rCorr   .          Rampage  .   (no gloves)
Will    .....                   c - +0 pair of boots
Stlth   +.........              (no amulet)
HPRegen 0.11/turn               (no ring)
MPRegen 0.08/turn               (no ring)

@: mighty, invisible
A: no striking features
a: Renounce Religion, Berserk


You were on level 3 of the Dungeon.
You worshipped Trog.
Trog was aware of your devotion.
You visited 1 branch of the dungeon, and saw 3 of its levels.

You collected 124 gold pieces.

Inventory:

Hand Weapons
 a - a +0 hand axe (weapon)
Armour
 b - a +0 animal skin (worn)
 c - a +0 pair of boots (worn)
 f - a +0 ring mail
Magical Staves
 h - a staff of fire
Scrolls
 d - 3 scrolls of identify {unknown}
 e - 2 scrolls of teleportation {unknown}
 g - a scroll of brand weapon {unknown}
 i - a scroll of butterflies {unknown}
 j - 4 scrolls of enchant weapon {unknown}
 m - a scroll of magic mapping {unknown}


   Skills:
 + Level 4.2 Fighting
 + Level 4.9 Axes
 + Level 2.3 Armour
 + Level 1.9 Dodging


You had 2 spell levels left.
You didn't know any spells.
Your spell library contained the following spells:

 Spells                   Type           Power      Damage    Failure   Level
 Scorch                   Fire           0%         2d5       56%         2
 Flame Wave               Conj/Fire      0%         2d4       99%         4
 Summon Cactus Giant      Summ           0%         N/A       100%        6


Dungeon Overview and Level Annotations

Branches:
Dungeon (3/15)

Altars:
Zin


Message History

You slash the orc!
You kill the orc!
Trog accepts your kill.
You hit the orc priest but do no damage.
The orc priest hits you with a +0 short sword.
You barely miss the orc priest.
The orc priest shouts, "Join the one true god or die!"
The orc priest hits you but does no damage.
You hit the orc priest but do no damage.
You barely miss the orc.
The orc priest calls down the wrath of Beogh upon you.
Beogh smites you!
* * * LOW HITPOINT WARNING * * *
The orc hits you with a +0 mace.
* * * LOW HITPOINT WARNING * * *
It was a potion of might.
You feel very mighty all of a sudden. The orc hits you but does no damage.
The orc priest hits you with a +0 short sword.
* * * LOW HITPOINT WARNING * * *
It was a potion of invisibility.
You fade into invisibility!
The orc priest barely misses you. The orc completely misses you.
You hit the orc priest but do no damage.
You barely miss the orc. The orc priest closely misses you.
The orc barely misses you.
You closely miss the orc priest.
You catch the helpless orc completely off-guard!
You slash the orc!
You kill the orc!
Trog accepts your kill. The orc priest misses you.
You slash the orc priest!
The orc priest is severely wounded.
The orc priest mumbles some strange prayers to Beogh against you.
You barely resist. You barely miss the orc priest.
The orc priest is severely wounded.
The orc priest hits you with a +0 short sword.
You die...

.# #.# ..
.#
###.#####.
#.<.......
#.#.######
#)#.#
#@#.#
#o#.#
....#
#....#
#....#
##.#.#
#.#.#
#.#.#


You could see an orc priest (unable to see you).

Vanquished Creatures
  An adder (D:2)
  A worm (D:2)
  4 orcs (D:3)
  2 bats
  An endoplasm (D:2)
  2 giant cockroaches
  3 kobolds
  2 quokkas
  4 ball pythons
  A frilled lizard (D:1)
  2 rats (D:2)
23 creatures vanquished.

Notes
Turn   | Place    | Note
-------+----------+-------------------------------------------
     0 | D:1      | n00bmints the Hill Orc Berserker began the quest for the
                  | Orb.
     0 | D:1      | Reached XP level 1. HP: 19/19 MP: 1/1
   632 | D:1      | Reached XP level 2. HP: 27/27 MP: 2/2
  1279 | D:2      | Reached XP level 3. HP: 17/33 MP: 3/3
  1537 | D:2      | Found a glowing silver altar of Zin.
  1659 | D:3      | Slain by an orc priest

Illustrated notes

Levels and vault maps discovered:
D:1:      lemuel_arrival_river_bridge, layout_basic
D:2:      layout_basic, basic_altar
D:3:      layout_loops_ring, mainiacjoe_overflow_concentric_impassable,
          grunt_gozag_breadcrumbs, overflow_temple_1_default,
          hellmonk_ecumenical_altar_slurped_away, uniq_terence

Skill      XL: |  1  2 |
---------------+-------+-----
Fighting       | 4 |  4.2
Axes           | |  4.9
Armour         | |  2.3
Dodging        | |  1.9

Action                   || total
-------------------------++-------
Melee: Hand axe          ||    79
       Punch             ||     1
  Use: Potion            ||     4
 Stab: Invisible         ||     1
Armor: Animal skin       ||    17
Dodge: Dodged            ||    61
